ITL
AMARILLO ARCHDUKES @ OTSEGO BULLDOGS
08/22/2026
 
TOP OF THE 1ST
Amarillo Archdukes batting - Pitching for Otsego Bulldogs : RHP Manny Benavides
Pitching: RHP Manny Benavides
Batting: RHB Tony Quinn 0-0: Ball
1-0: SINGLE (Groundball, 6MD) (infield hit)
Batting: RHB Nobuharu Hoshino 0-0: Called Strike
0-1: Swinging Strike
0-2: Ball
1-2: Fly out, F8 (Flyball, 8RD)
Batting: LHB Jorge Martínez 0-0: Ball
1-0: Fly out, F9 (Popup, 9S)
Batting: RHB Norm Francis 0-0: Called Strike
0-1: Called Strike
0-2: SINGLE (Groundball, 6D)
Tony Quinn to second
Batting: LHB Howard Lambert 0-0: Ball
1-0: Foul Ball, location: 2F
1-1: Called Strike
1-2: SINGLE (Line Drive, 89M)
Tony Quinn to third
Norm Francis to second
Runner from 3rd tries for Home, SAFE, no throw or cutoff
Batting: RHB Jorge Espinosa 0-0: Called Strike
0-1: Ball
1-1: Foul Ball, location: 2F
1-2: Foul Ball, location: 2F
1-2: Ball
2-2: Fly out, F8 (Line Drive, 8LM)
Top of the 1st over - 1 run(s), 3 hit(s), 0 error(s), 2 left on base; Amarillo 1 - Otsego 0
BOTTOM OF THE 1ST
Otsego Bulldogs batting - Pitching for Amarillo Archdukes : RHP Nick Parks
Pitching: RHP Nick Parks
Batting: RHB Armando Cuevas 0-0: Foul Ball, location: 2F
0-1: Foul Ball, location: 2F
0-2: Strikes out swinging
Batting: RHB Cristo García 0-0: Called Strike
0-1: Ball
1-1: Fly out, F8 (Flyball, 8LM)
Batting: LHB Paco Rosas 0-0: Called Strike
0-1: Foul Ball, location: 2F
0-2: Fly out, F7 (Line Drive, 78S)
Bottom of the 1st over - 0 run(s), 0 hit(s), 0 error(s), 0 left on base; Amarillo 1 - Otsego 0
TOP OF THE 2ND
Amarillo Archdukes batting - Pitching for Otsego Bulldogs : RHP Manny Benavides
Batting: RHB Ronald Parsons 0-0: Ball
1-0: Ball
2-0: Ball
3-0: Foul Ball, location: 2F
3-1: Swinging Strike
3-2: Strikes out looking
Batting: RHB José Tamayo 0-0: Ball
1-0: Called Strike
1-1: Fly out, F7 (Flyball, 78D)
Batting: RHB Mark Roy 0-0: Ball
1-0: Called Strike
1-1: Ball
2-1: Ground out 6-3 (Groundball, 6)
Top of the 2nd over - 0 run(s), 0 hit(s), 0 error(s), 0 left on base; Amarillo 1 - Otsego 0
BOTTOM OF THE 2ND
Otsego Bulldogs batting - Pitching for Amarillo Archdukes : RHP Nick Parks
Batting: LHB George Wood 0-0: Foul Ball, location: 2F
0-1: Foul Ball, location: 2F
0-2: Foul Ball, location: 2F
0-2: Ball
1-2: Hit by Pitch
Batting: RHB Jesús Tisnado 0-0: Ball
1-0: Foul Ball, location: 2F
1-1: Swinging Strike
1-2: Ball
2-2: Foul Ball, location: 2F
2-2: Strikes out looking
Batting: RHB Raúl Bauza 0-0: Ball
George Wood steals 2nd base
1-0: Ball
2-0: Called Strike
2-1: Ground out 6-3 (Groundball, 6M)
George Wood to third
Batting: LHB Martin Davis 0-0: Ball
1-0: Called Strike
1-1: Called Strike
1-2: Fly out, F8 (Flyball, 8RD)
Bottom of the 2nd over - 0 run(s), 0 hit(s), 0 error(s), 1 left on base; Amarillo 1 - Otsego 0
TOP OF THE 3RD
Amarillo Archdukes batting - Pitching for Otsego Bulldogs : RHP Manny Benavides
Batting: RHB Tony Quinn 0-0: Called Strike
0-1: Ball
1-1: Ball
2-1: Ground out 5-3 (Groundball, 5)
Batting: RHB Nobuharu Hoshino 0-0: Called Strike
0-1: Foul Ball, location: 2F
0-2: SINGLE (Line Drive, 4MD)
Batting: LHB Jorge Martínez 0-0: Called Strike
0-1: Called Strike
0-2: Strikes out swinging
Batting: RHB Norm Francis 0-0: Called Strike
0-1: Swinging Strike
0-2: Ball
1-2: Ball
2-2: Foul Ball, location: 2F
2-2: Fly out, F8 (Flyball, 8RM)
Top of the 3rd over - 0 run(s), 1 hit(s), 0 error(s), 1 left on base; Amarillo 1 - Otsego 0
BOTTOM OF THE 3RD
Otsego Bulldogs batting - Pitching for Amarillo Archdukes : RHP Nick Parks
Batting: RHB Felipe Rego 0-0: Reached on error, E6 (Groundball, 56)
Batting: RHB Kyung-bok Cho 0-0: Called Strike
0-1: Ball
1-1: Ball
2-1: TRIPLE (Flyball, 7D)
Felipe Rego scores
Batting: RHB Armando Cuevas 0-0: Called Strike
0-1: Ball
1-1: Foul Ball, location: 2F
1-2: Fly out, F9 (Flyball, 9LM)
Runner from 3rd tags up, SCORES, no throw
Batting: RHB Cristo García 0-0: Ball
1-0: DOUBLE (Groundball, 5L)
Batting: LHB Paco Rosas 0-0: Ball
1-0: Ball
2-0: Called Strike
2-1: Ball
3-1: Called Strike
3-2: Base on Balls
Batting: LHB George Wood 0-0: Foul Ball, location: 2F
0-1: Called Strike
0-2: Ball
1-2: Foul Ball, location: 2F
1-2: Ball
2-2: Foul Ball, location: 2F
2-2: Fielders Choice at 2nd, 4-6 (Groundball, 34)
Cristo García to third
Batting: RHB Jesús Tisnado 0-0: Called Strike
0-1: Ball
1-1: Swinging Strike
1-2: Foul Ball, location: 2F
1-2: Ball
2-2: SINGLE (Line Drive, 7S)
Cristo García scores
George Wood to second
Batting: RHB Raúl Bauza 0-0: Ball
1-0: Fly out, F4 (Popup, 34)
Bottom of the 3rd over - 3 run(s), 3 hit(s), 1 error(s), 2 left on base; Amarillo 1 - Otsego 3
TOP OF THE 4TH
Amarillo Archdukes batting - Pitching for Otsego Bulldogs : RHP Manny Benavides
Batting: LHB Howard Lambert 0-0: Ball
1-0: Called Strike
1-1: Called Strike
1-2: Ball
2-2: Foul Ball, location: 2F
2-2: Ground out U3 (Groundball, 3S)
Batting: RHB Jorge Espinosa 0-0: Swinging Strike
0-1: Ball
1-1: Foul Ball, location: 2F
1-2: Fly out, F8 (Line Drive, 8LM)
Batting: RHB Ronald Parsons 0-0: Fly out, F6 (Popup, 6)
Top of the 4th over - 0 run(s), 0 hit(s), 0 error(s), 0 left on base; Amarillo 1 - Otsego 3
BOTTOM OF THE 4TH
Otsego Bulldogs batting - Pitching for Amarillo Archdukes : RHP Nick Parks
Batting: LHB Martin Davis 0-0: Ground out 1-3 (Groundball, 13)
Batting: RHB Felipe Rego 0-0: Called Strike
0-1: Ground out 6-3 (Groundball, 56)
Batting: RHB Kyung-bok Cho 0-0: Ball
1-0: Foul Ball, location: 2F
1-1: Ball
2-1: Ground out 5-3 (Groundball, 5L)
Bottom of the 4th over - 0 run(s), 0 hit(s), 0 error(s), 0 left on base; Amarillo 1 - Otsego 3
TOP OF THE 5TH
Amarillo Archdukes batting - Pitching for Otsego Bulldogs : RHP Manny Benavides
Batting: RHB José Tamayo 0-0: SINGLE (Line Drive, 78S)
Batting: RHB Mark Roy 0-0: Ball
1-0: Foul Ball, location: 2F
1-1: Swinging Strike
1-2: Strikes out swinging
Batting: RHB Tony Quinn 0-0: DOUBLE (Flyball, 89M)
José Tamayo to third
Runner from 3rd tries for Home, SAFE, throw made home
Batting: RHB Nobuharu Hoshino 0-0: Ball
1-0: Foul Ball, location: 2F
1-1: Ball
2-1: Ball
3-1: Base on Balls
Batting: LHB Jorge Martínez 0-0: Foul Ball, location: 2F
0-1: Ball
1-1: DOUBLE (Line Drive, 3L)
Tony Quinn scores
Nobuharu Hoshino to third
Runner from 3rd tries for Home, throw and OUT!
Batting: RHB Norm Francis 0-0: Foul Ball, location: 2F
0-1: Ball
1-1: Ground out 6-3 (Groundball, 56)
Top of the 5th over - 2 run(s), 3 hit(s), 0 error(s), 1 left on base; Amarillo 3 - Otsego 3
BOTTOM OF THE 5TH
Otsego Bulldogs batting - Pitching for Amarillo Archdukes : RHP Nick Parks
Batting: RHB Armando Cuevas 0-0: Fly out, F9 (Flyball, 89D)
Batting: RHB Cristo García 0-0: Fly out, F8 (Flyball, 8RXD)
Batting: LHB Paco Rosas 0-0: Called Strike
0-1: Ball
1-1: Swinging Strike
1-2: SINGLE (Line Drive, 34D)
Batting: LHB George Wood 0-0: Fly out, F8 (Popup, 8RS)
Bottom of the 5th over - 0 run(s), 1 hit(s), 0 error(s), 1 left on base; Amarillo 3 - Otsego 3
TOP OF THE 6TH
Amarillo Archdukes batting - Pitching for Otsego Bulldogs : RHP Manny Benavides
Batting: LHB Howard Lambert 0-0: Called Strike
0-1: Ball
1-1: Called Strike
1-2: Ground out 6-3 (Groundball, 6M)
Batting: RHB Jorge Espinosa 0-0: SINGLE (Line Drive, 3D)
Batting: RHB Ronald Parsons 0-0: Ball
1-0: Fly out, F5 (Line Drive, 5)
Batting: RHB José Tamayo 0-0: Ball
1-0: Ball
2-0: Called Strike
2-1: Called Strike
2-2: Strikes out looking
Top of the 6th over - 0 run(s), 1 hit(s), 0 error(s), 1 left on base; Amarillo 3 - Otsego 3
BOTTOM OF THE 6TH
Otsego Bulldogs batting - Pitching for Amarillo Archdukes : RHP Nick Parks
Batting: RHB Jesús Tisnado 0-0: Ball
1-0: Ball
2-0: Ball
3-0: Called Strike
3-1: Foul Ball, location: 2F
3-2: Strikes out swinging
Batting: RHB Raúl Bauza 0-0: Called Strike
0-1: Ball
1-1: Ball
2-1: Fly out, F9 (Flyball, 9S)
Batting: LHB Martin Davis 0-0: Called Strike
0-1: Ground out 6-3 (Groundball, 6M)
Bottom of the 6th over - 0 run(s), 0 hit(s), 0 error(s), 0 left on base; Amarillo 3 - Otsego 3
TOP OF THE 7TH
Amarillo Archdukes batting - Pitching for Otsego Bulldogs : RHP Manny Benavides
Pinch Hitting: RHB Domingo Bueno 0-0: Ball
1-0: Ball
2-0: Called Strike
2-1: Foul Ball, location: 2F
2-2: Strikes out looking
Batting: RHB Tony Quinn 0-0: Called Strike
0-1: Ball
1-1: Ball
2-1: Foul Ball, location: 2F
2-2: Ground out 4-3 (Groundball, 4M)
Batting: RHB Nobuharu Hoshino 0-0: Ball
1-0: Foul Ball, location: 2F
1-1: Swinging Strike
1-2: Foul Ball, location: 2F
1-2: Ball
2-2: Strikes out swinging
Top of the 7th over - 0 run(s), 0 hit(s), 0 error(s), 0 left on base; Amarillo 3 - Otsego 3
BOTTOM OF THE 7TH
Otsego Bulldogs batting - Pitching for Amarillo Archdukes : RHP Nick Parks
Now at 3B: Eric Fuller
Batting: RHB Felipe Rego 0-0: Called Strike
0-1: Ball
1-1: Ball
2-1: Reached on error, E6 (Groundball, 6)
Batting: RHB Kyung-bok Cho 0-0: Ball
1-0: Called Strike
1-1: Ground out 5-3 (Groundball, 5L)
Batting: RHB Armando Cuevas 0-0: Ground out U3 (Groundball, 3L)
Felipe Rego to third
Batting: RHB Cristo García 0-0: Ball
1-0: Foul Ball, location: 2F
1-1: Foul Ball, location: 2F
1-2: Ball
2-2: Foul Ball, location: 2F
2-2: Foul Ball, location: 2F
2-2: Ground out 4-3 (Groundball, 4M)
Bottom of the 7th over - 0 run(s), 0 hit(s), 1 error(s), 1 left on base; Amarillo 3 - Otsego 3
TOP OF THE 8TH
Amarillo Archdukes batting - Pitching for Otsego Bulldogs : RHP Manny Benavides
Pitching: RHP Kenshin Kubota
Pinch Hitting: LHB Michael Cook 0-0: Called Strike
0-1: Ball
1-1: Ball
2-1: SINGLE (Line Drive, 34)
Batting: RHB Norm Francis 0-0: Ball
1-0: DOUBLE (Flyball, 8LXD)
Michael Cook to third
Batting: LHB Howard Lambert 0-0: Intentional Walk
Batting: RHB Jorge Espinosa 0-0: Called Strike
0-1: Swinging Strike
0-2: Strikes out swinging
Batting: RHB Ronald Parsons 0-0: Foul Ball, location: 2F
0-1: Called Strike
0-2: Ball
1-2: Strikes out swinging
Batting: RHB José Tamayo 0-0: Ball
1-0: Foul Ball, location: 2F
1-1: Called Strike
1-2: Strikes out looking
Top of the 8th over - 0 run(s), 2 hit(s), 0 error(s), 3 left on base; Amarillo 3 - Otsego 3
BOTTOM OF THE 8TH
Otsego Bulldogs batting - Pitching for Amarillo Archdukes : RHP Nick Parks
Pitching: LHP Charlie Conner
Now in RF: Michael Cook
Batting: LHB Paco Rosas 0-0: Called Strike
0-1: Ball
1-1: Ball
2-1: Swinging Strike
2-2: Ball
3-2: Ground out U3 (Groundball, 3S)
Pitching: RHP Larry Pérez
Batting: LHB George Wood 0-0: Ball
1-0: Called Strike
1-1: Ball
2-1: Fly out, F8 (Line Drive, 8LS)
Batting: RHB Jesús Tisnado 0-0: Ball
1-0: Ball
2-0: Called Strike
2-1: Fly out, F3 (Popup, 34S)
Bottom of the 8th over - 0 run(s), 0 hit(s), 0 error(s), 0 left on base; Amarillo 3 - Otsego 3
TOP OF THE 9TH
Amarillo Archdukes batting - Pitching for Otsego Bulldogs : RHP Kenshin Kubota
Pitching: RHP Ricardo Trujillo
Batting: RHB Eric Fuller 0-0: Ball
1-0: Foul Ball, location: 2F
1-1: Foul Ball, location: 2F
1-2: SINGLE (Line Drive, 89M)
Batting: RHB Tony Quinn 0-0: Ball
1-0: Ball
2-0: Foul Ball, location: 2F
2-1: Foul Ball, location: 2F
2-2: Strikes out swinging
Pinch Hitting: RHB Mitsuoki Taguchi 0-0: Called Strike
0-1: Ball
1-1: Ball
2-1: Ball
3-1: SINGLE (Groundball, 6MD)
Eric Fuller to second
Runner from 2nd tries for 3rd, SAFE, no throw or cutoff
Batting: LHB Michael Cook 0-0: Ball
1-0: Ball
2-0: Swinging Strike
2-1: Called Strike
2-2: Strikes out swinging
Batting: RHB Norm Francis 0-0: Called Strike
0-1: Ball
1-1: Swinging Strike
1-2: Foul Ball, location: 2F
1-2: Ball
2-2: Ball
3-2: Fly out, F7 (Flyball, 7LS)
Top of the 9th over - 0 run(s), 2 hit(s), 0 error(s), 2 left on base; Amarillo 3 - Otsego 3
BOTTOM OF THE 9TH
Otsego Bulldogs batting - Pitching for Amarillo Archdukes : RHP Larry Pérez
Pitching: RHP Ignacio Beltrán
Now at C: Juan Barrera
Batting: RHB Raúl Bauza 0-0: Ball
1-0: Ball
2-0: Foul Ball, location: 2F
2-1: Swinging Strike
2-2: Ball
3-2: DOUBLE (Line Drive, 9LM)
Batting: LHB Martin Davis 0-0: Called Strike
0-1: Ball
1-1: Ball
2-1: Foul Ball, location: 2F
2-2: Strikes out swinging
Batting: RHB Felipe Rego 0-0: Intentional Walk
Batting: RHB Kyung-bok Cho 0-0: Ball
1-0: Foul Ball, location: 2F
1-1: 3-RUN HOME RUN (Flyball, 7D), Distance : 375 ft
Monday, December 5th, 2016 - OOTP Baseball 17.12 Build 75